Map: Ultralove

Players

jwjwjwjw

  • Race: Terran Terran
  • League: Diamond
  • Spawn Location: 7:00

LigerMaNN - Winner!

  • Race: Zerg Zerg
  • League: Diamond
  • Spawn Location: 1:00

VOD

Have the link to the VOD?

Description

Time

  • Played on: June 26, 2025, 2:39 a.m.
  • Length: 14:40
Show
View Real Time Build Order
Export as new Build Order

jwjwjwjw Terran 

Build Orders: Reaper Expand 

Get SALT Encoding   

  12  0:00  SCV  
  13  0:15  Supply Depot  
  13  0:21  SCV  
  14  0:33  SCV  
  15  0:38  Barracks  
  15  0:42  Refinery  
  15  0:45  SCV  
  16  0:57  SCV  
  17  1:12  SCV  
  18  1:27  Orbital Command  
  18  1:28  Reaper  
  19  1:43  Command Center  
  19  1:57  SCV  
  19  2:00  Marine  
  21  2:09  SCV  
  21  2:11  Supply Depot  
  22  2:16  Factory  
  22  2:21  SCV  
  23  2:44  SCV  
  24  2:49  Refinery  
  24  2:51  Barracks Reactor  
  24  3:03  SCV  
  25  3:09  Widow Mine  
  25  3:10  Orbital Command  
  27  3:15  SCV  
  28  3:36  Barracks Tech Lab  
  28  3:39  Supply Depot  
  28  3:47  Hellion x2  
  32  3:51  Supply Depot, SCV  
  32  3:54  SCV  
  32  3:55  Marine  
  35  3:57  Stimpack  
  35  4:02  Starport  
  35  4:05  SCV  
  36  4:11  SCV  
  36  4:13  Marine  
  36  4:16  Hellion x2  
  42  4:27  Supply Depot  
  41  4:32  Marine  
  41  4:33  SCV  
  41  4:34  SCV  
  41  4:38  Hellion x2  
  48  4:45  SCV  
  49  4:46  SCV  
  49  4:49  Marine  
  51  4:54  Starport Reactor  
  51  5:00  Command Center  
  51  5:03  Hellion x2  
  51  5:04  Barracks  
  55  5:19  Marine  
  55  5:20  SCV  
  57  5:22  SCV  
  57  5:27  Engineering Bay  
  58  5:37  Marine  
  57  5:53  Medivac x2  
  57  5:54  Marine, Combat Shield  
  62  5:59  Factory Tech Lab  
  60  6:12  Marine  
  59  6:19  Marine x2  
  59  6:20  Siege Tank  
  59  6:25  Terran Infantry Weapons Level 1  
  64  6:27  Engineering Bay  
  64  6:30  Marine  
  65  6:36  Barracks  
  65  6:37  Marine x2  
  65  6:38  Barracks  
  67  6:40  Barracks  
  67  6:41  Orbital Command  
  67  6:47  SCV  
  67  6:48  Marine  
  67  6:50  Refinery x2, SCV  
  67  6:52  Medivac x2  
  74  6:55  Marine x2  
  74  6:59  SCV  
  77  7:02  SCV  
  77  7:04  Siege Tank  
  77  7:06  Marine  
  77  7:07  Supply Depot  
  82  7:09  SCV  
  82  7:11  SCV  
  82  7:13  Marine  
  85  7:23  Terran Infantry Armor Level 1  
  85  7:29  Marine x2, SCV x3  
  90  7:31  Supply Depot, Marine  
  91  7:37  Barracks Tech Lab  
  91  7:38  Barracks Tech Lab, Barracks Reactor  
  91  7:41  SCV x2  
  93  7:47  Marine x2  
  93  7:48  Marine  
  96  7:52  SCV  
  96  7:53  SCV x2  
  99  8:04  Marine  
  100  8:07  SCV x3  
  100  8:08  Marine x3  
  100  8:09  Marauder, Concussive Shells  
  108  8:19  SCV  
  109  8:20  Armory  
  109  8:32  Marine x5  
  109  8:33  Marauder, SCV  
  117  8:37  Command Center  
  117  8:38  Refinery  
  117  8:46  SCV  
  117  8:47  Marauder, Siege Tank  
  109  8:50  Marine  
  85  8:57  Marine x5  
  64  9:18  Terran Infantry Weapons Level 2  
  64  9:23  Siege Tank, Medivac x2  
  64  9:24  Marauder, Marine x4  
  70  9:25  Marauder  
  70  9:30  SCV  
  76  9:34  Marine  
  75  9:41  Marine  
  75  9:42  Marine x3, SCV  
  75  9:45  SCV x2  
  82  9:46  Marauder x2  
  85  10:06  Marauder, Marine x4  
  89  10:24  Engineering Bay  
  89  10:25  Drilling Claws  
  89  10:29  Terran Vehicle Weapons Level 1  
  89  10:31  SCV  
  89  10:33  SCV  
  91  10:41  SCV x2  
  93  10:53  SCV x4  
  97  10:59  Terran Infantry Armor Level 2  
  97  11:05  SCV x3  
  97  11:06  Refinery  
  100  11:20  SCV  
  96  11:42  Orbital Command  
  54  12:07  SCV x3  
  53  12:13  SCV  
  54  12:16  Marine x2  
  54  12:17  Marauder, Marine x4  
  54  12:19  SCV x2  
  54  12:20  SCV  
  65  12:23  Siege Tank  
  65  12:25  SCV  
  69  12:31  SCV x2  
  69  12:32  SCV  
  69  12:34  Marine x3  
  69  12:35  Marauder x2, Marine  
  80  12:37  SCV  
  80  12:38  Marine  
  80  12:40  Supply Depot  
  80  12:44  SCV x3  
  85  12:49  SCV  
  86  12:52  Marine x2  
  86  12:56  SCV x3  
  87  13:01  SCV  
  88  13:07  Siege Tank  
  88  13:08  SCV x3  
  94  13:13  SCV  
  94  13:16  Marine x2  
  97  13:29  Marine  
  97  13:30  Marauder, Marine x3  
  97  13:34  Marine x2  
  104  13:39  Siege Tank  
  108  13:59  Supply Depot x2  
  108  14:05  Marine x4  
  108  14:06  Marauder, Marine  
  120  14:10  Orbital Command  
  116  14:17  Marauder  
  121  14:26  Supply Depot  
Show
View Real Time Build Order
Export as new Build Order

LigerMaNN Zerg - Winner!

Build Orders: 3 Hatch before Pool 

Get SALT Encoding   

  12  0:00  Drone  
  13  0:13  Overlord  
  13  0:17  Drone  
  14  0:32  Drone x2  
  14  0:35  Drone  
  17  0:52  Hatchery  
  17  0:57  Hatchery  
  17  1:00  Drone  
  17  1:03  Drone  
  18  1:14  Extractor  
  17  1:19  Spawning Pool  
  17  1:22  Drone  
  17  1:25  Drone  
  17  1:29  Drone  
  19  1:44  Drone  
  20  1:50  Drone  
  21  2:01  Overlord  
  21  2:11  Zergling x2  
  21  2:14  Queen x2  
  26  2:16  Zergling x2  
  26  2:22  Metabolic Boost  
  27  2:31  Extractor  
  26  2:40  Hatchery  
  26  2:43  Drone x2  
  27  2:47  Overlord  
  27  3:06  Drone x6  
  27  3:12  Queen  
  35  3:27  Drone x2  
  35  3:28  Drone x2  
  38  3:50  Zergling x12  
  44  3:57  Drone  
  44  3:58  Roach Warren  
  44  4:00  Drone x2  
  44  4:01  Drone  
  44  4:02  Drone  
  48  4:08  Lair  
  48  4:09  Queen  
  50  4:47  Overlord x5  
  49  5:05  Queen x2  
  53  5:11  Roach x9  
  53  5:13  Zergling x8  
  53  5:14  Zergling x6  
  78  5:27  Drone x6  
  84  5:40  Queen  
  83  5:47  Drone  
  83  5:48  Drone x4  
  86  5:56  Drone x2  
  88  5:57  Drone, Extractor  
  88  5:58  Hatchery  
  88  6:00  Evolution Chamber  
  88  6:01  Evolution Chamber  
  88  6:02  Baneling Nest, Drone  
  88  6:03  Drone  
  82  6:24  Drone x8  
  90  6:27  Extractor  
  90  6:28  Extractor  
  90  6:32  Overlord x4  
  88  6:34  Hatchery  
  87  6:46  Zerg Melee Weapons Level 1, Zerg Ground Armor Level 1  
  87  6:50  Drone x3, Extractor  
  87  6:51  Drone x3, Extractor  
  87  6:52  Drone x3  
  94  7:14  Zergling x20  
  104  7:23  Overseer  
  103  7:42  Drone  
  103  7:43  Drone x3  
  107  7:46  Centrifugal Hooks  
  107  7:47  Zergling x24  
  119  7:53  Glial Reconstitution  
  119  8:10  Hydralisk Den  
  118  8:26  Baneling x22  
  118  8:27  Zergling x6, Baneling x2  
  118  8:28  Zergling x24  
  118  8:32  Infestation Pit  
  132  8:34  Hydralisk Den  
  88  9:10  Zergling x40  
  102  9:18  Zerg Melee Weapons Level 2, Zerg Ground Armor Level 2  
  102  9:20  Zergling x10  
  102  9:23  Hive  
  101  9:25  Hydralisk, Muscular Augments  
  101  9:26  Hydralisk x5  
  101  9:28  Baneling  
  101  9:29  Baneling x13  
  111  9:34  Zergling x8  
  111  9:35  Zergling x2  
  115  9:55  Zergling x16  
  118  10:08  Zergling x10  
  123  10:14  Hydralisk x2  
  123  10:17  Hydralisk x3  
  133  10:29  Grooved Spines  
  133  10:31  Baneling x22  
  133  10:32  Baneling x9  
  133  10:33  Overlord x5  
  126  10:51  Baneling x6  
  126  10:56  Zergling x30  
  141  10:57  Zergling x2  
  141  11:02  Adrenal Glands  
  142  11:10  Ultralisk Cavern  
  141  11:14  Drone x6  
  141  11:16  Drone  
  141  11:17  Drone  
  149  11:19  Drone  
  149  11:20  Drone  
  149  11:21  Drone  
  149  11:23  Drone  
  149  11:24  Drone  
  149  11:25  Drone  
  155  11:27  Drone  
  155  11:28  Drone  
  113  12:01  Zergling x34  
  113  12:02  Zergling x8  
  121  12:14  Zergling x18  
  121  12:15  Zergling x2  
  131  12:26  Chitinous Plating  
  131  12:28  Ultralisk  
  137  12:32  Ultralisk  
  143  12:38  Ultralisk  
  149  12:49  Baneling x14  
  142  13:07  Ultralisk  
  148  13:41  Hydralisk  
  148  13:42  Hydralisk x8  
  148  13:45  Anabolic Synthesis  
  166  14:00  Hatchery  
  166  14:01  Overlord x4  
Tags
 
Add a new tag
Caveats
  • Supply blocks, unpowered buildings, or Contaminate may cause inaccurate times.
  • Supply counts are checked every 10 seconds.